 Dungeon Crawl Stone Soup version 0.30-a0-711-gf4ac18a38d (webtiles) character file.

Game seed: 18151248282916958101

7809 quinnr the Zephyrmancer (level 11, -1/97 HPs)
             Began as a Naga Air Elementalist on Jan 22, 2023.
             Was a Believer of Vehumet.
             Slain by a wyvern (13 damage)
             ... on level 9 of the Dungeon.
             The game lasted 00:28:46 (13285 turns).

quinnr the Zephyrmancer (Naga Air Elementalist)    Turns: 13285, Time: 00:28:46

Health: -1/97      AC:  5    Str: 11    XL:     11   Next: 21%
Magic:  1/15       EV: 16    Int: 20    God:    Vehumet [**....]
Gold:   457        SH:  0    Dex: 11    Spells: 4/16 levels left

rFire   . . .      SeeInvis +    s - +6 dagger
rCold   . . .      Faith    .    (no shield)
rNeg    + . .      Spirit   .    a - +0 robe
rPois   +          Reflect  .    (no helmet)
rElec   .          Harm     .    k - +0 cloak
rCorr   .          Rampage  .    (no gloves)
Will    +....                    (no barding)
Stlth   +++                      (no amulet)
HPRegen 0.36/turn                E - +5 ring of evasion
MPRegen 0.14/turn                N - ring of positive energy

@: very slow
A: AC +3, large, see invisible, deformed body, poison resistance, slowness 2,
spit poison 1, naga tail 1
a: Spit Poison, Renounce Religion


You were on level 9 of the Dungeon.
You worshipped Vehumet.
Vehumet was pleased with you.
You visited 2 branches of the dungeon, and saw 10 of its levels.

You collected 457 gold pieces.


Innate Abilities, Weirdness & Mutations

Your serpentine skin is tough. (AC +3)
You have supernaturally acute eyesight. (SInv)
Armour fits poorly on your strangely shaped body.
Your system is resistant to poisons. (rPois)
You cover ground very slowly.
You can spit poison.
You have a snake-like lower body.


   Skills:
 + Level 5.7 Fighting
 - Level 3.0 Short Blades
 + Level 5.0 Dodging
 - Level 6.0 Stealth
 - Level 3.0 Spellcasting
 + Level 5.7 Conjurations
 - Level 12.0 Air Magic
 + Level 0.8 Poison Magic
 - Level 5.0 Evocations


You had 4 spell levels left.
You knew the following spells:

 Your Spells              Type           Power      Damage    Failure   Level
a - Airstrike             Air            25%        2d(4-20)  1%          4
i - Swiftness             Air            50%        N/A       1%          3
p - Poisonous Vapours     Pois/Air       56%        N/A       1%          2
t - Static Discharge      Conj/Air       76%        2-6/arc   1%          2
z - Shock                 Conj/Air       100%       1d9       1%          1

Your spell library contained the following spells:

 Spells                   Type           Power      Damage    Failure   Level
 Magic Dart               Conj           100%       1d8       1%          1
 Kiss of Death            Conj/Necr      56%        2d9       4%          1
 Hailstorm                Conj/Ice       14%        3d5       13%         3
 Tukima's Dance           Hex            3%         N/A       38%         3
 Anguish                  Hex/Necr       1%         N/A       80%         4
 Enfeeble                 Hex            1%         N/A       100%        7

Inventory:

Hand Weapons
 s - a +6 dagger (weapon)
Armour
 a - a +0 robe (worn)
 k - a +0 cloak (worn)
 u - the +0 pair of gloves "Unke" {-Tele Fly Regen+ Dex-3}
   (You found it on level 3 of the Dungeon)

   Dex:       It affects your dexterity (-3).
   Fly:       It grants you flight.
   -Tele:     It prevents most forms of teleportation.
   Regen:     It increases your rate of health regeneration.
Jewellery
 E - a +5 ring of evasion (left hand)
 F - a ring of protection from fire
 N - a ring of positive energy (right hand)
 S - a +6 ring of strength
Wands
 b - a wand of roots (9)
 l - a wand of flame (15)
 r - a wand of acid (8)
Scrolls
 c - 3 scrolls of noise
 d - 2 scrolls of teleportation {@r2}
 e - a scroll of vulnerability {unknown}
 h - a scroll of silence {unknown}
 j - a scroll of fog
 n - 2 scrolls of magic mapping
 t - a scroll of amnesia {unknown}
 v - 2 scrolls of blinking {unknown}
 y - a scroll of fear {unknown}
Potions
 g - 3 potions of haste {unknown}
 i - 2 potions of curing {@q1}
 m - a potion of flight
 o - 2 potions of might
 p - a potion of brilliance
 q - a potion of attraction {unknown}
 x - a potion of degeneration
 A - a potion of cancellation {unknown}

Dungeon Overview and Level Annotations

Branches:
Dungeon (9/15)             Temple (1/1) D:4
   Lair: D:8-11         Orc: D:9-12

Altars:
Ashenzari
Cheibriados
Dithmenos
Elyvilon
Fedhas
Gozag
Hepliaklqana
Kikubaaqudgha
Makhleb
Nemelex Xobeh
Okawaru
Qazlal
Sif Muna
Trog
Uskayaw
Vehumet
Wu Jian
Xom
Yredelemnul
Zin
The Shining One

Shops:
D:6 (

Annotations:
D:4 digvault books

... .. ...## ##..
.....##.. ......... #
.......>##
...........#
...........######
....# ##l@.......
.........##.hl###....
.............##......
....l.......#......#
...†....##..........#
....... ##.......###
......l####.......#
>......)##.........#
........†..).........


You could see 2 wyverns and a wolf.


Message History

The wyvern is moderately wounded.
You are struck by an arc of lightning.
The lightning grounds out.
The wolf howls!
You hear an angry hiss.
The wyvern barely misses you.
A wyvern comes into view.
The wyvern bites you.
A wyvern comes into view.
The wolf closely misses you. The wyvern misses you.
The wolf attacks as you move away! The wolf barely misses you.
The wolf bites you. The wyvern misses you.
The wolf stops to sniff the ground.
The wolf bites you!
A wolf comes into view.
The wolf closely misses you.
The wyvern bites you but does no damage.
The wyvern attacks as you move away! The wyvern barely misses you.
The wolf pauses to sniff the ground.
The wolf barely misses you. The wyvern bites you! The wolf barely misses you.
The wyvern bites you but does no damage.
The wyvern hisses menacingly.
The wyvern bites you!
* * * LOW HITPOINT WARNING * * *
The wolf barely misses you.
There is a stone staircase leading up here.
The wyvern closely misses you. The wyvern bites you!
* * * LOW HITPOINT WARNING * * *
The wolf closely misses you. The wyvern bites you!
* * * LOW HITPOINT WARNING * * *
The wyvern bites you!
You die...

Skill      XL: |  1  2  3  4  5  6  7  8  9 10 11 |
---------------+----------------------------------+-----
Stealth        | 4 5 6 |  6.0
Spellcasting   | 3 |  3.0
Air Magic      | 4 5 6 7 9 11 12 | 12.0
Short Blades   | 3 |  3.0
Fighting       | 2 3 5 |  5.7
Dodging        | 2 3 4 5 |  5.0
Conjurations   | 3 5 |  5.7
Evocations     | 4 5 |  5.0
Poison Magic   | |  0.8

Action                     |  1- 3 |  4- 6 |  7- 9 | 10-12 || total
---------------------------+-------+-------+-------+-------++-------
  Melee: Unarmed           |     4 |       |       |       ||     4
         Dagger            |       |    16 |    25 |   127 ||   168
         Punch             |       |       |     1 |     2 ||     3
   Cast: Shock             |   100 |    82 |    79 |    84 ||   345
         Airstrike         |       |     5 |    51 |    31 ||    87
         Static Discharge  |       |     2 |     9 |    21 ||    32
         Swiftness         |       |       |     6 |     5 ||    11
Ability: Spit Poison       |       |     1 |     4 |     1 ||     6
  Evoke: Wand              |       |       |    12 |    10 ||    22
    Use: Scroll            |       |       |    13 |     1 ||    14
         Potion            |       |       |     2 |     5 ||     7
   Stab: Sleeping          |       |       |       |     4 ||     4
 Armour: Robe              |    11 |    10 |    13 |    39 ||    73
         Skin              |       |       |       |    51 ||    51
  Dodge: Dodged            |    39 |    22 |    40 |   145 ||   246

Levels and vault maps discovered:
D:1:      dpeg_arrival_line_fractal, layout_basic,
          chequers_ecumenical_altar_island, chequers_serial_rivers_room_b
D:2:      layout_loops_corners, uniq_terence
D:3:      layout_rooms, grunt_temple_overflow_order_and_chaos_1
D:4:      layout_basic, nicolae_sif_muna_little_library,
          okawaru_altar_gauntlet_db, mainiacjoe_overflow_tiny_flanked,
          minmay_temple_entry_hall
D:5:      layout_gridville, mainiacjoe_overflow_surrounded_room,
          kennysheep_little_box, uniq_edmund, uniq_pikel
D:6:      kennysheep_spiral_hall, layout_cave_pools, serial_shops,
          nicolae_shop_statue_plus, kennysheep_another_room
D:7:      layout_cave_pods, uniq_crazy_yiuf_cottage
D:8:      layout_loops_cross, nicolae_overflow_hidden_temple, lemuel_tele_altar,
          lemuel_crystal_altar, lemuel_mausoleum_altar_kikubaaqudgha,
          uniq_joseph, uniq_amaemon
D:9:      layout_cave_pools, nicolae_ru_sacrificial_ziggurat,
          minmay_lair_entry_grove
Temple:   jpeg_temple_alley_garden

Notes
Turn   | Place    | Note
-------+----------+-------------------------------------------
     0 | D:1      | quinnr the Naga Air Elementalist began the quest for the
                  | Orb.
     0 | D:1      | Reached XP level 1. HP: 15/15 MP: 3/3
   166 | D:1      | Reached XP level 2. HP: 18/22 MP: 0/5
   462 | D:1      | Found a faded altar of an unknown god.
   485 | D:1      | Reached skill level 4 in Stealth
   730 | D:1      | Reached XP level 3. HP: 23/28 MP: 0/6
  1608 | D:2      | Noticed Terence
  1614 | D:2      | Learned a level 3 spell: Swiftness
  2110 | D:1      | Reached skill level 3 in Spellcasting
  2480 | D:2      | Reached skill level 5 in Stealth
  2480 | D:2      | Reached XP level 4. HP: 14/36 MP: 3/8
  2942 | D:3      | Learned a level 4 spell: Airstrike
  3034 | D:3      | Noticed an angel
  3056 | D:3      | Found a glowing silver altar of Zin.
  3058 | D:3      | Found a shimmering altar of Xom.
  3093 | D:3      | Identified the +0 pair of gloves "Unke" {-Tele Fly Regen+
                  | Dex-3}
  3320 | D:4      | Noticed a necrophage
  3430 | D:3      | Killed a necrophage
  3431 | D:3      | Reached skill level 4 in Air Magic
  3431 | D:3      | Reached XP level 5. HP: 36/42 MP: 0/9
  3528 | D:4      | Found a stormy altar of Qazlal.
  3696 | D:4      | Noticed an ice beast
  3716 | D:4      | Killed an ice beast
  3717 | D:4      | Reached skill level 5 in Air Magic
  3717 | D:4      | Reached XP level 6. HP: 15/49 MP: 0/10
  3896 | D:4      | Found a staircase to the Ecumenical Temple.
  3902 | Temple   | Entered the Ecumenical Temple
  3968 | Temple   | Became a worshipper of Vehumet
  4191 | D:4      | Got Vizif's Information on Blasted Curses
  4195 | D:4      | Learned a level 2 spell: Static Discharge
  4232 | D:4      | Found a shimmering blue altar of Sif Muna.
  4369 | D:4      | Found an iron altar of Okawaru.
  4557 | D:5      | Entered Level 5 of the Dungeon
  4561 | D:5      | Reached skill level 6 in Air Magic
  4749 | D:5      | Noticed a water moccasin
  4753 | D:5      | Killed a water moccasin
  4754 | D:5      | Reached XP level 7. HP: 39/55 MP: 2/11
  5084 | D:2      | Killed Terence
  5223 | D:5      | Noticed Edmund
  5389 | D:5      | Killed Edmund
  5390 | D:5      | Reached skill level 1 in Short Blades
  5390 | D:5      | Reached skill level 6 in Stealth
  5390 | D:5      | Reached skill level 7 in Air Magic
  5486 | D:5      | Found an ornate altar of the Wu Jian Council.
  5963 | D:5      | Noticed a wraith
  5972 | D:5      | Killed a wraith
  5973 | D:5      | Reached skill level 2 in Short Blades
  6060 | D:5      | Reached skill level 3 in Short Blades
  6060 | D:5      | Reached XP level 8. HP: 58/62 MP: 0/12
  6148 | D:5      | Found a snail-covered altar of Cheibriados.
  6219 | D:5      | Reached skill level 8 in Air Magic
  6465 | D:5      | Noticed Pikel
  6479 | D:5      | Killed Pikel
  6480 | D:5      | Reached skill level 9 in Air Magic
  6480 | D:5      | Reached skill level 1 in Fighting
  6480 | D:5      | Reached skill level 2 in Dodging
  6859 | D:5      | Reached skill level 2 in Fighting
  7165 | D:6      | Reached XP level 9. HP: 74/74 MP: 8/13
  7293 | D:6      | Reached * piety under Vehumet
  7293 | D:6      | Offered knowledge of Freeze by Vehumet.
  7294 | D:6      | Reached skill level 3 in Dodging
  7376 | D:6      | Reached skill level 3 in Fighting
  7589 | D:6      | Found Puurime's Antique Weapon Shoppe.
  7784 | D:6      | Reached skill level 10 in Air Magic
  7891 | D:6      | Reached skill level 2 in Conjurations
  7891 | D:6      | Reached skill level 1 in Evocations
  8162 | D:6      | Identified the +2 hand axe of the Furious {heavy, Dex+2}
  8285 | D:6      | Reached skill level 2 in Evocations
  8390 | D:7      | Noticed a troll
  8393 | D:7      | Killed a troll
  8394 | D:7      | Reached skill level 3 in Conjurations
  8740 | D:7      | Reached skill level 3 in Evocations
  8920 | D:7      | Offered knowledge of Momentum Strike by Vehumet.
  9030 | D:7      | Reached skill level 11 in Air Magic
  9030 | D:7      | Reached skill level 4 in Evocations
  9030 | D:7      | Reached XP level 10. HP: 84/84 MP: 5/14
  9192 | D:7      | Reached ** piety under Vehumet
  9796 | D:7      | Found a runed translucent door.
  9797 | D:7      | Noticed Crazy Yiuf
  9871 | D:7      | Killed Crazy Yiuf
 10065 | D:7      | Reached skill level 5 in Evocations
 10169 | D:8      | Noticed an orange demon
 10171 | D:8      | Noticed Amaemon
 10309 | D:8      | Noticed Joseph
 10314 | D:8      | Killed Joseph
 10474 | D:8      | Found a bloodstained altar of Trog.
 10491 | D:8      | HP: 8/126 [yak (5)]
 10505 | D:8      | Reached skill level 12 in Air Magic
 11132 | D:8      | Found a glowing golden altar of the Shining One.
 11355 | D:8      | Killed Amaemon
 11356 | D:8      | Reached skill level 4 in Fighting
 11356 | D:8      | Reached skill level 4 in Conjurations
 11361 | D:8      | Killed an orange demon
 11362 | D:8      | Reached skill level 4 in Dodging
 11790 | D:8      | Found an ancient bone altar of Kikubaaqudgha.
 12323 | D:8      | Reached skill level 5 in Fighting
 12323 | D:8      | Reached skill level 5 in Conjurations
 12323 | D:8      | Reached XP level 11. HP: 79/94 MP: 15/15
 12426 | D:8      | Found a broken altar of Ashenzari.
 12651 | D:8      | Offered knowledge of Poisonous Vapours by Vehumet.
 12666 | D:8      | Reached skill level 5 in Dodging
 12673 | D:8      | Learned a level 2 spell: Poisonous Vapours
 13285 | D:9      | Slain by a wyvern

Vanquished Creatures
  Amaemon (D:8)
  Pikel (D:5)
  Joseph (D:8)
  An orange demon (D:8)
  An unseen horror zombie (D:8)
  A troll (D:7)
  10 yaks (D:8)
  A wyvern (D:7)
  2 wraiths
  A steam dragon (D:7)
  Edmund (D:5)
  4 water moccasins
  An orc warrior (D:7)
  2 black bears
  A hornet zombie (D:8)
  3 ice beasts
  A sky beast (D:7)
  2 centaurs
  3 lemures (D:4)
  4 ogres
  A kobold brigand (D:8)
  4 bullfrogs
  8 necrophages
  2 wyvern zombies (D:8)
  3 scorpions (D:5)
  2 wights (D:8)
  3 killer bees (D:8)
  A howler monkey (D:9)
  A human zombie (D:8)
  3 jellies
  2 orc priests
  Crazy Yiuf (D:7)
  Terence (D:2)
  3 iguanas
  6 orc wizards
  2 mummies (D:8)
  5 adders
  2 shadow imps
  3 white imps
  A worm (D:2)
  3 dart slugs
  25 orcs
  4 endoplasms
  2 giant cockroaches
  5 goblins
  10 hobgoblins
  10 jackals
  4 quokkas
  2 ball pythons
  4 bats
  3 frilled lizards
  14 kobolds
  7 rats
189 creatures vanquished.

Vanquished Creatures (others)
  2 fungi (D:9)
  8 plants (D:9)
10 creatures vanquished.

Grand Total: 199 creatures vanquished

Table legend: (Time is in decaauts)
 A = Elapsed time spent in this place.
 B = Non-inter-level travel time spent in this place.
 C = Inter-level travel time spent in this place.
 D = Time resting spent in this place.
 E = Time spent auto-exploring this place.
 F = Levels seen in this place.
 G = Mean time per level.
                   A        B        C        D        E       F      G
               +--------+--------+--------+--------+--------+-----+--------+
         Total |  15619 |  14723 |    896 |   2235 |  10336 |  10 | 1561.9 |
       Dungeon |  15285 |  14465 |    820 |   2235 |  10132 |   9 | 1698.3 |
        Temple |    334 |    258 |     76 |      0 |    204 |   1 |  334.0 |
               +--------+--------+--------+--------+--------+-----+--------+

Top non-repeatable levels by time:
     D:8: 3195 daAuts
     D:7: 2245 daAuts
     D:5: 2175 daAuts
     D:2: 1832 daAuts
     D:1: 1546 daAuts
     D:4: 1538 daAuts
     D:6: 1414 daAuts
     D:3: 1269 daAuts
  Temple: 334 daAuts
     D:9: 67 daAuts

Table legend:
 A = Non-vault XP
 B = Vault XP
 C = Vault XP percentage of total XP
 D = Non-vault monster count
 E = Vault monster count
 F = Vault count percentage of total count
                 A         B        C        D         E       F
            +---------+---------+-------+---------+---------+-------
      Total |    6983 |    4173 |  37.4 |     156 |      30 |  16.1
            +---------+---------+-------+---------+---------+-------
        D:1 |      48 |       0 |   0.0 |      25 |       0 |   0.0
        D:2 |      45 |      36 |  44.4 |      20 |       1 |   4.8
        D:3 |     128 |       0 |   0.0 |      15 |       0 |   0.0
        D:4 |     161 |      15 |   8.5 |      11 |       6 |  35.3
        D:5 |    1035 |     802 |  43.7 |      20 |       2 |   9.1
        D:6 |     997 |     317 |  24.1 |      22 |       4 |  15.4
        D:7 |    1764 |      39 |   2.2 |      19 |       1 |   5.0
        D:8 |    2750 |    2811 |  50.5 |      23 |      15 |  39.5
        D:9 |      55 |     153 |  73.6 |       1 |       1 |  50.0
            +---------+---------+-------+---------+---------+-------
